 Dungeon Crawl Stone Soup version 0.31-a0-152-g6aa68a64a1 (webtiles) character file.

Game seed: 7574809987092359655

2522 qw the Cleaver (level 9, 0/56 HPs)
             Began as a Gargoyle Fighter on June 11, 2023.
             Killed by divine providence
             ... invoked by an orc priest
              (12 damage)
             ... on level 7 of the Dungeon.
             The game lasted 00:02:59 (5242 turns).

qw the Cleaver (Gargoyle Fighter)                   Turns: 5242, Time: 00:02:59

Health: 0/56       AC: 21    Str: 23    XL:     9   Next: 54%
Magic:  0/9        EV:  8    Int: 10    God:
Gold:   431        SH:  5    Dex:  9    Spells: 8/8 levels left

rFire   . . .        Y - +3 war axe (flame)
rCold   . . .        c - +0 buckler
rNeg    + . .        i - +0 chain mail
rPois   inf          n - +0 helmet
rElec   +            m - +0 cloak
rCorr   .            e - +0 pair of gloves
SInv    .            p - +0 pair of boots
Will    .....        g - amulet of guardian spirit Stlth
                     (no ring)
HPRegen 0.29/turn    (no ring)
MPRegen 0.11/turn

%: guardian spirit
@: no status effects
A: sickness immunity, AC +6, negative energy resistance 1, electricity
resistance, torment resistance 1, petrification resistance, evolution 1
a: no special abilities


You were on level 7 of the Dungeon.
You visited 2 branches of the dungeon, and saw 8 of its levels.

You collected 431 gold pieces.


Innate Abilities, Weirdness & Mutations

You are immune to sickness and miasma.
Your stone body is resilient. (AC +6)
You are immune to poison.
You resist negative energy. (rN+)
You are resistant to electric shocks. (rElec)
You are resistant to unholy torment.
You are immune to petrification.
You have hidden genetic potential.


   Skills:
 + Level 6.6 Fighting
 - Level 9.0 Axes
 - Level 1.8 Throwing
 - Level 5.2 Armour
 - Level 1.2 Dodging
 - Level 5.6 Shields


You had 8 spell levels left.
You didn't know any spells.
Your spell library was empty.

Inventory:

Hand Weapons
 Y - a +3 war axe of flaming (weapon)
Missiles
 t - 3 boomerangs (quivered)
Armour
 c - a +0 buckler (worn)
 e - a +0 pair of gloves (worn)
 i - a +0 chain mail (worn)
 m - a +0 cloak (worn)
 n - a +0 helmet (worn)
 p - a +0 pair of boots (worn)
Jewellery
 g - an amulet of guardian spirit (around neck)
Scrolls
 b - a scroll of identify
 s - a scroll of teleportation
Potions
 a - a potion of cancellation
 d - 5 potions of might
 f - 2 potions of lignification
 h - a potion of brilliance {unknown}
 j - a potion of haste {unknown}
 k - a potion of attraction {unknown}
 l - 2 potions of curing
 o - a potion of degeneration {unknown}
 q - a potion of mutation
 r - a potion of enlightenment {unknown}

Dungeon Overview and Level Annotations

Branches:
Dungeon (7/15)             Temple (1/1) D:5

Altars:
Ashenzari
Cheibriados
Dithmenos
Gozag
Hepliaklqana
Kikubaaqudgha
Makhleb
Qazlal
Ru
Sif Muna
Trog
Vehumet
Wu Jian
Xom
Yredelemnul
Zin
The Shining One

Annotations:
D:4 exclusion: 2 orc wizards


Message History

Pikel freezes you.
You closely miss Pikel.
Pikel is almost dead.
The orc priest casts a cantrip, but nothing happens.
Pikel closely misses you.
You slash Pikel! You burn Pikel.
You kill Pikel!
The orc priest mumbles some strange prayers to Beogh against you.
Beogh smites you!
Your Shields skill gained 2 levels and is now at level 5!
You hit something. You burn something.
The orc priest hits you but does no damage.
You hear some strange, mumbled words.
You are confused.
5237 ||| DRINKING 3 potions of curing.
You feel better.
5237 ||| (to cure confusion)
The orc priest invokes the aid of Beogh against you.
Beogh smites you! Something hits you but does no damage.
You slash something! You burn something.
Reactivating autopickup.
You feel a bit more experienced.
The orc priest begins to cast a cantrip, but forgets the words!
You hit the wight but do no damage. The wight hits you but does no damage.
You block the orc priest's attack. The wight hits you with a +0 falchion.
You slash the wight! You burn the wight.
The wight is severely damaged.
The orc priest hits you from afar with a +0 trident.
The wight completely misses you. The wight hits you but does no damage.
You slash the wight! You burn the wight.
You destroy the wight!
The wight hits you from afar with a +2 spear.
The orc priest hits you but does no damage.
You slash the wight! You burn the wight.
The wight is almost destroyed.
The wight hits you from afar with a +2 spear!
The wight hits you but does no damage.
The orc priest calls down the wrath of Beogh upon you.
Beogh smites you!
You die...

#.....#.#
##......#
#.####.#
###.######..
+...........
###.########
#.#
###.######
+..@.....#
###z####'#
+.zzo......
#..........
#..........
#..........
#..........
...........
#.#.7.7.#...


You could see 3 wights and an orc priest.

Vanquished Creatures
  Pikel (D:7)
  Sigmund (D:5)
  An ice beast (D:6)
  A sky beast (D:6)
  3 ogres
  A centaur (D:5)
  3 lemures (D:7)
  Blork the orc (D:4)
  A phantom (D:3)
  A scorpion (D:6)
  A wight (D:7)
  A howler monkey (D:6)
  2 jellies (D:6)
  8 hounds
  3 gnoll boudas
  4 orc priests
  5 orc wizards
  Natasha (thrice) (D:3)
  2 iguanas
  9 adders
  15 gnolls
  2 white imps (D:6)
  2 ufetubi (D:5)
  A worm (D:3)
  2 dart slugs
  24 orcs
  3 ball pythons
  6 endoplasms
  2 giant cockroaches
  2 goblins
  11 hobgoblins
  3 kobolds
  A quokka (D:4)
  4 bats
  2 frilled lizards
  6 rats
138 creatures vanquished.

Notes
Turn   | Place    | Note
-------+----------+-------------------------------------------
     0 | D:1      | qw the Gargoyle Fighter began the quest for the Orb.
     0 | D:1      | Reached XP level 1. HP: 14/14 MP: 1/1
     0 | D:1      | 0 ||| qw: Version: 0.2-a-29-gdad1ea2
     0 | D:1      | 0 ||| qw: Game counter: 4048
     0 | D:1      | 0 ||| qw: Always use a shield: true
     0 | D:1      | 0 ||| qw: God list: Okawaru
     0 | D:1      | 0 ||| qw: Allow faded altars: false
     0 | D:1      | 0 ||| qw: Do Orc after D:15 true
     0 | D:1      | 0 ||| qw: Do second Lair branch before Depths: true
     0 | D:1      | 0 ||| qw: Lair rune preference: random
     0 | D:1      | 0 ||| qw: Plans: Normal, Zot:1-4, Slime:5, God:TSO, Crypt,
                  | Tomb, Abyss, Pan, Hells, Win
     0 | D:1      | 0 ||| PLANNING D:1-11
   112 | D:1      | Reached skill level 2 in Axes
   220 | D:1      | Reached XP level 2. HP: 12/19 MP: 2/2
   392 | D:1      | 392 ||| UPGRADING to +0 pair of gloves.
   397 | D:1      | 397 ||| UPGRADING to +0 cloak.
   402 | D:1      | 402 ||| UPGRADING to amulet of guardian spirit.
   407 | D:1      | 407 ||| READING scroll labelled DOSHRO LECVUYRGH.
   412 | D:1      | 412 ||| READING scroll labelled PEPPOTHR KAYSEG.
   413 | D:1      | 413 ||| READING scroll labelled SOEFUA REMIAF.
   414 | D:1      | 414 ||| READING scroll labelled IRECAN VORILINN.
   415 | D:1      | 415 ||| READING scroll labelled RAUXUAV XUAH.
   416 | D:1      | 416 ||| READING scroll labelled QAZOTO WIRGHE.
   417 | D:1      | 417 ||| READING scroll labelled YKHLIBB EJEV.
   418 | D:1      | 418 ||| DRINKING 2 golden potions.
   696 | D:2      | 696 ||| Stepping ~*~*~tactically~*~*~ (hiding).
   713 | D:2      | HP: 3/19 [kobold/+0 whip (4)]
   715 | D:2      | Reached skill level 3 in Axes
   718 | D:2      | Reached XP level 3. HP: 4/23 MP: 1/3
   719 | D:2      | HP: 1/23 [something (3)]
   734 | D:2      | Reached skill level 1 in Throwing
  1091 | D:2      | Reached XP level 4. HP: 27/28 MP: 2/4
  1227 | D:2      | 1227 ||| UPGRADING to +0 chain mail.
  1237 | D:2      | 1237 ||| DROPPING +0 scale mail.
  1238 | D:2      | 1238 ||| READING scroll labelled GUIHECV GUZU.
  1239 | D:2      | 1239 ||| READING scroll labelled NUMMIACKAA.
  1240 | D:2      | 1240 ||| READING scroll labelled MUXTEPSUKU.
  1241 | D:2      | 1241 ||| READING 2 scrolls labelled ZOCWOJ PUESCH.
  1242 | D:2      | 1242 ||| READING scroll labelled PASUVOE YNLE.
  1243 | D:2      | 1243 ||| DRINKING 2 amethyst potions.
  1244 | D:2      | 1244 ||| DRINKING 2 inky potions.
  1245 | D:2      | 1245 ||| DROPPING scroll of butterflies.
  1264 | D:3      | Noticed Natasha
  1278 | D:3      | HP: 7/28 [Natasha (6)]
  1279 | D:3      | Killed Natasha
  1464 | D:3      | Found a broken altar of Ashenzari.
  1477 | D:3      | Reached skill level 4 in Axes
  1499 | D:3      | Reached XP level 5. HP: 29/32 MP: 5/5
  1548 | D:3      | 1548 ||| Stepping ~*~*~tactically~*~*~ (hiding).
  1642 | D:3      | Noticed Natasha
  1648 | D:3      | Killed Natasha
  1653 | D:3      | Noticed Natasha
  1658 | D:3      | Killed Natasha
  1716 | D:3      | 1716 ||| Stepping ~*~*~tactically~*~*~ (stealth).
  1726 | D:3      | 1726 ||| Stepping ~*~*~tactically~*~*~ (stealth).
  1727 | D:3      | 1727 ||| FLEEEEING.
  1728 | D:3      | 1728 ||| FLEEEEING.
  1730 | D:3      | 1730 ||| FLEEEEING.
  1731 | D:3      | 1731 ||| FLEEEEING.
  1735 | D:3      | 1735 ||| FLEEEEING.
  1736 | D:3      | 1736 ||| FLEEEEING.
  1738 | D:3      | 1738 ||| FLEEEEING.
  1739 | D:3      | 1739 ||| FLEEEEING.
  1740 | D:3      | 1740 ||| FLEEEEING.
  1741 | D:3      | 1741 ||| FLEEEEING.
  1742 | D:3      | 1742 ||| FLEEEEING.
  1752 | D:3      | 1752 ||| STAIRDANCE
  1774 | D:3      | 1774 ||| STAIRDANCE
  1776 | D:2      | 1776 ||| DRINKING potion of curing.
  1776 | D:2      | 1776 ||| (to cure confusion)
  1782 | D:3      | 1782 ||| FLEEEEING.
  1783 | D:3      | 1783 ||| FLEEEEING.
  1784 | D:3      | 1784 ||| FLEEEEING.
  1785 | D:3      | 1785 ||| STAIRDANCE
  1829 | D:3      | Reached skill level 5 in Axes
  1829 | D:3      | Reached XP level 6. HP: 36/37 MP: 6/6
  1914 | D:3      | 1914 ||| READING scroll of enchant weapon.
  1914 | D:3      | 1914 ||| ENCHANTING +1 war axe of flaming.
  2023 | D:3      | Found an ancient bone altar of Kikubaaqudgha.
  2227 | D:4      | Identified the +1 mace of Cumeif {drain, Int+4}
  2405 | D:4      | Noticed Blork the orc
  2414 | D:4      | Killed Blork the orc
  2415 | D:4      | Reached skill level 6 in Axes
  2415 | D:4      | Reached XP level 7. HP: 32/43 MP: 5/7
  2455 | D:4      | 2455 ||| Stepping ~*~*~tactically~*~*~ (hiding).
  2457 | D:4      | 2457 ||| Stepping ~*~*~tactically~*~*~ (hiding).
  2478 | D:4      | Reached skill level 1 in Dodging
  2535 | D:4      | Found a shimmering blue altar of Sif Muna.
  2552 | D:4      | 2552 ||| UPGRADING to +0 helmet.
  2557 | D:4      | 2557 ||| READING scroll labelled VOUMAF WIUSHRI.
  2922 | D:5      | Entered Level 5 of the Dungeon
  3089 | D:5      | Noticed Sigmund
  3112 | D:5      | HP: 9/43 [something (5)]
  3114 | D:5      | 3114 ||| READING scroll of teleportation.
  3131 | D:5      | Reached skill level 7 in Axes
  3259 | D:5      | 3259 ||| Stepping ~*~*~tactically~*~*~ (stealth).
  3307 | D:5      | Reached XP level 8. HP: 40/49 MP: 6/8
  3439 | D:5      | 3439 ||| Stepping ~*~*~tactically~*~*~ (stealth).
  3441 | D:5      | 3441 ||| Stepping ~*~*~tactically~*~*~ (hiding).
  3450 | D:5      | Killed Sigmund
  3581 | D:5      | 3581 ||| Stepping ~*~*~tactically~*~*~ (stealth).
  3583 | D:5      | 3583 ||| Stepping ~*~*~tactically~*~*~ (stealth).
  3648 | D:5      | 3648 ||| READING scroll of enchant weapon.
  3648 | D:5      | 3648 ||| ENCHANTING +2 war axe of flaming.
  3758 | D:5      | Found a staircase to the Ecumenical Temple.
  3759 | D:5      | 3759 ||| PLANNING TEMPLE
  3759 | D:5      | 3759 ||| UPGRADING to +0 pair of boots.
  3764 | D:5      | 3764 ||| READING scroll labelled IROOMN ID FEARR.
  3765 | D:5      | 3765 ||| READING scroll labelled KUMOH ACOGHY.
  3774 | Temple   | Entered the Ecumenical Temple
  3831 | Temple   | 3831 ||| PLANNING D:1-11
  3974 | D:6      | Reached skill level 8 in Axes
  3980 | D:6      | 3980 ||| FLEEEEING.
  3984 | D:6      | 3984 ||| FLEEEEING.
  3985 | D:6      | 3985 ||| FLEEEEING.
  3986 | D:6      | 3986 ||| FLEEEEING.
  3987 | D:6      | 3987 ||| FLEEEEING.
  3988 | D:6      | 3988 ||| STAIRDANCE
  4017 | D:6      | 4017 ||| STAIRDANCE
  4024 | D:5      | Reached skill level 6 in Fighting
  4164 | D:6      | 4164 ||| Stepping ~*~*~tactically~*~*~ (stealth).
  4178 | D:6      | 4178 ||| Stepping ~*~*~tactically~*~*~ (stealth).
  4179 | D:6      | 4179 ||| Stepping ~*~*~tactically~*~*~ (stealth).
  4192 | D:6      | 4192 ||| Stepping ~*~*~tactically~*~*~ (stealth).
  4198 | D:6      | Reached XP level 9. HP: 56/56 MP: 9/9
  4306 | D:6      | 4306 ||| Stepping ~*~*~tactically~*~*~ (hiding).
  4426 | D:6      | 4426 ||| Stepping ~*~*~tactically~*~*~ (stealth).
  5079 | D:6      | 5079 ||| DRINKING 2 viscous yellow potions.
  5079 | D:6      | Gained mutation: You have hidden genetic potential. [potion
                  | of mutation]
  5153 | D:7      | Noticed Pikel
  5154 | D:7      | 5154 ||| Stepping ~*~*~tactically~*~*~ (stealth).
  5156 | D:7      | 5156 ||| Stepping ~*~*~tactically~*~*~ (stealth).
  5212 | D:7      | 5212 ||| Stepping ~*~*~tactically~*~*~ (hiding).
  5223 | D:7      | Reached skill level 9 in Axes
  5223 | D:7      | 5223 ||| Stepping ~*~*~tactically~*~*~ (hiding).
  5224 | D:7      | 5224 ||| FLEEEEING.
  5235 | D:7      | Killed Pikel
  5237 | D:7      | 5237 ||| DRINKING 3 potions of curing.
  5237 | D:7      | 5237 ||| (to cure confusion)
  5242 | D:7      | HP: 12/56 [wight/+2 spear (7)]
  5242 | D:7      | Killed from afar by an orc priest

Levels and vault maps discovered:
D:1:      tarquinn_simple_flora_water_f, layout_rooms
D:2:      layout_loops_ring
D:3:      layout_rooms, mainiacjoe_overflow_small_starburst,
          mainiacjoe_overflow_catwalk, kennysheep_cross_room, uniq_natasha
D:4:      layout_basic, led_sif_book, uniq_blork_the_orc
D:5:      nicolae_BIG_FREAKIN_CUBE, layout_rooms, temple_hall, uniq_sigmund
D:6:      layout_basic
D:7:      layout_basic, okawaru_trees_1, nemelex_diamond_rough_becter,
          uniq_pikel
Temple:   eino_temple_lava

Skill      XL: |  1  2  3  4  5  6  7  8  9 |
---------------+----------------------------+-----
Axes           | 2 3 4 5 6 7 8 9 |  9.0
Throwing       | 1 |  1.8
Fighting       | 4 5 6 |  6.6
Dodging        | 1 |  1.2
Armour         | 5 |  5.2
Shields        | 5 |  5.6

Action                     |  1- 3 |  4- 6 |  7- 9 || total
---------------------------+-------+-------+-------++-------
  Melee: War axe           |    78 |   123 |   229 ||   430
  Throw: Javelin           |    19 |    32 |     1 ||    52
         Boomerang         |       |       |     7 ||     7
    Use: Scroll            |     7 |     6 |     5 ||    18
         Potion            |     1 |     3 |     2 ||     6
 Armour: Scale mail        |    62 |       |       ||    62
         Chain mail        |       |    67 |   141 ||   208
  Dodge: Dodged            |    45 |    53 |    98 ||   196
  Block: Buckler           |    17 |    24 |    43 ||    84

Table legend:
 A = Non-vault XP
 B = Vault XP
 C = Vault XP percentage of total XP
 D = Non-vault monster count
 E = Vault monster count
 F = Vault count percentage of total count
                 A         B        C        D         E       F
            +---------+---------+-------+---------+---------+-------
      Total |    2581 |    1023 |  28.4 |     131 |       4 |   3.0
            +---------+---------+-------+---------+---------+-------
        D:1 |      17 |       0 |   0.0 |       9 |       0 |   0.0
        D:2 |      84 |       0 |   0.0 |      19 |       0 |   0.0
        D:3 |     324 |      36 |  10.0 |      26 |       1 |   3.7
        D:4 |     278 |     103 |  27.0 |      19 |       1 |   5.0
        D:5 |     863 |     243 |  22.0 |      30 |       1 |   3.2
        D:6 |     862 |       0 |   0.0 |      24 |       0 |   0.0
        D:7 |     153 |     641 |  80.7 |       4 |       1 |  20.0
            +---------+---------+-------+---------+---------+-------
